 Dungeon Crawl Stone Soup version 0.18-a0-33-g9e10395 (webtiles) character file.

35531 Duffy the Impaler (level 13, -9/126 HPs)
             Began as a Naga Assassin on Nov 5, 2015.
             Was a High Priest of Trog.
             Mangled by a death yak (19 damage)
             ... on level 5 of the Lair of Beasts.
             The game lasted 00:41:17 (18263 turns).

Duffy the Impaler (Naga Assassin)                  Turns: 18263, Time: 00:41:17

Health: -9/126     AC: 22    Str: 14    XL:     13   Next: 84%
Magic:  18/18      EV: 15    Int: 12    God:    Trog [*****.]
Gold:   748        SH:  0    Dex: 22    Spells: 0 memorised, 12 levels left

rFire  + + .     SeeInvis +     l - +8 glaive "Loziug" {chop, *Contam rPois rC++ SInv}
rCold  + + .     Clarity  .     I - +2 leather armour {rF+}
rNeg   . . .     SustAt   .     (shield currently unavailable)
rPois  +         Gourm    .     w - +0 helmet
rElec  .         Spirit   .     d - +0 cloak
rCorr  .         Warding  .     A - +2 pair of gloves
rMut   .         Stasis   .     R - +0 naga barding
MR     +....                    (no amulet)
Stlth  ++++......               U - ring of protection from fire
                                W - ring of Ontizues {Dex+5 SInv}

@: exhausted, slowed, very slow, somewhat resistant to hostile enchantments,
stealthy
A: iridescent scales 1, see invisible, deformed body, poison resistance,
slowness 2, slow metabolism 1, spit poison 2, constrict 1, AC +4
a: Spit Poison, Berserk, Trog's Hand, Brothers in Arms, Burn Spellbooks,
Renounce Religion


You were on level 5 of the Lair of Beasts.
You worshipped Trog.
Trog was extremely pleased with you.
You were not hungry.

You visited 2 branches of the dungeon, and saw 15 of its levels.
You also visited: Labyrinth.

You collected 748 gold pieces.


Innate Abilities, Weirdness & Mutations

You cannot wear boots.
Your serpentine skin is tough (AC +4).
You have supernaturally acute eyesight.
Armour fits poorly on your strangely shaped body.
Your system is resistant to poisons.
You cover ground very slowly.
You have a slow metabolism.
You can spit poison.
You can use your snake-like lower body to constrict enemies.
You are partially covered in iridescent scales (AC +4).


   Skills:
 - Level 10.8 Fighting
   Level 2.0 Short Blades
 + Level 15.5 Polearms
 - Level 2.0 Throwing
 + Level 3.9 Armour
 - Level 8.5 Dodging
 - Level 5.8 Stealth
 - Level 7.0 Evocations


You had 12 spell levels left.
You didn't know any spells.

Inventory:

Hand Weapons
 a - a +6 demon trident
 b - a +0 blowgun
 l - the +8 glaive "Loziug" (weapon) {chop, *Contam rPois rC++ SInv}

   It inflicts extra damage upon your enemies.
   It greatly protects you from cold.
   It protects you from poison.
   It lets you see invisible.
   It causes magical contamination when unequipped.
Missiles
 e - 27 poisoned needles
 f - 2 curare-tipped needles
 n - 2 throwing nets
 J - 2 tomahawks (quivered)
Armour
 d - a +0 cloak (worn)
 w - a +0 helmet (worn)
 A - a +2 pair of gloves (worn)
 I - a +2 leather armour of fire resistance (worn)
 R - a +0 naga barding (worn)
Rods
 X - a +7 iron rod (16/16)
Jewellery
 y - an uncursed ring of protection from cold
 B - an uncursed ring of protection from cold
 D - an uncursed ring of positive energy
 G - a +2 ring of strength
 U - a ring of protection from fire (right hand)
 W - the ring of Ontizues (left hand) {Dex+5 SInv}

   [ring of see invisible]

   It affects your dexterity (+5).
   It lets you see invisible.
Wands
 z - a wand of confusion (24)
 F - a wand of flame (25)
 V - a wand of lightning (3)
Scrolls
 c - a scroll of recharging
 h - 2 scrolls of immolation
 i - 7 scrolls of remove curse
 j - a scroll of enchant weapon
 p - 9 scrolls of teleportation
 K - a scroll of blinking
 L - a scroll of enchant armour
 N - a scroll of fear
 O - 5 scrolls of fog
Potions
 m - a potion of might
 r - a potion of lignification
 s - a potion of magic
 t - a potion of haste
 u - 4 potions of curing
 v - 2 potions of flight
 x - 5 potions of agility
 C - 3 potions of heal wounds
 H - a potion of berserk rage
 P - a potion of ambrosia {unknown}
 S - 3 potions of invisibility {unknown}
 T - 4 potions of brilliance {unknown}
Books
 o - a book of Annihilations
Miscellaneous
 Q - a phantom mirror
Comestibles
 g - 14 bread rations
 k - 3 slices of pizza
 q - 7 meat rations
 E - 5 fruits

Dungeon Overview and Level Annotations

Branches:
Dungeon (10/15)            Temple (0/1) D:5            Lair (5/8) D:9
 Shoals (0/4) Lair:5          Orc (0/4) D:10
  Snake: Lair:3-6    Spider: Lair:3-6

Altars:
Ashenzari
Cheibriados
Dithmenos
Kikubaaqudgha
Sif Muna
Trog
Yredelemnul
Zin

Annotations:
Lair:1 Urug


Message History

The water moccasin bites the fungus.
The death yak gores you!
You slice the death yak!!
You kill the death yak!
Trog accepts your kill.
The death yak gores the fungus.
The fungus is destroyed!
You slice the water moccasin!! You grab the water moccasin.
The water moccasin is severely wounded.
You constrict the water moccasin. The water moccasin barely misses you.
You slice the water moccasin!!
You kill the water moccasin!
Trog accepts your kill.
You are no longer berserk.
You are exhausted.
You feel yourself slow down.
You hit the giant frog. You grab the giant frog.
The giant frog is moderately wounded.
You constrict the giant frog. The giant frog completely misses you.
The death yak closely misses you.
The giant frog hits you but does no damage.
The death yak gores you!
You slice the giant frog!!
You kill the giant frog!
Trog accepts your kill. The death yak gores you!
You slice the death yak!!
The death yak is moderately wounded.
The death yak gores you.
You slash the death yak!
The death yak is heavily wounded.
The death yak gores you!
You slice the death yak!!
The death yak is almost dead.
The death yak gores you!!
You die...

####≈≈≈................#
≈≈≈≈≈≈.................#
≈≈≈≈≈#...............#
##...................#
###..#...............# #
..............#...## #
.........#####...# .
..........†#....#.#
...........@....## .
........†YP?.......
..........P........
........PPP.........
<...................
........$...........
...................
..................
................


You could see a death yak.

Action                   |  1- 3 |  4- 6 |  7- 9 | 10-12 | 13-15 || total
-------------------------+-------+-------+-------+-------+-------++-------
Melee: Dagger            |    34 |    93 |       |       |       ||   127
       Trident           |       |    59 |   442 |    26 |       ||   527
       Halberd           |       |       |       |   227 |       ||   227
       Demon trident     |       |       |       |   698 |   166 ||   864
       Glaive            |       |       |       |       |    95 ||    95
 Fire: Blowgun           |    16 |    43 |    34 |     7 |       ||   100
Throw: Tomahawk          |       |       |       |    21 |       ||    21
Invok: Berserk           |       |     1 |     7 |     8 |     2 ||    18
       Trog's Hand       |       |       |     1 |     1 |       ||     2
       Burn Spellbooks   |       |       |       |       |     1 ||     1
 Abil: Spit Poison       |    28 |    42 |    35 |    26 |       ||   131
  Use: Scroll            |     1 |     5 |     9 |     6 |     7 ||    28
       Potion            |     3 |     1 |       |       |       ||     4
 Stab: Sleeping          |     9 |     5 |     2 |    11 |    16 ||    43
       Distracted        |       |     1 |       |     3 |     1 ||     5
       Petrifying        |       |       |       |       |     1 ||     1
  Eat: Chunk             |     1 |     9 |    21 |    29 |     7 ||    67
       Beef jerky        |       |       |       |     4 |     2 ||     6

Notes
Turn   | Place    | Note
--------------------------------------------------------------
     0 | D:1      | Duffy the Naga Assassin began the quest for the Orb.
     0 | D:1      | Reached XP level 1. HP: 19/19 MP: 1/1
   120 | D:1      | Reached XP level 2. HP: 27/27 MP: 2/2
   379 | D:1      | Reached skill level 2 in Throwing
   442 | D:1      | Reached skill level 3 in Fighting
   539 | D:2      | Reached XP level 3. HP: 3/34 MP: 3/3
   541 | D:2      | Gained mutation: You are partially covered in iridescent scales (AC +4). [potion of beneficial mutation]
  1001 | D:2      | Found a deep blue altar of Sif Muna.
  1015 | D:2      | Reached skill level 4 in Fighting
  1059 | D:2      | Reached XP level 4. HP: 44/44 MP: 4/4
  1628 | D:3      | You fall through a shaft!
  1729 | D:4      | Reached XP level 5. HP: 24/51 MP: 5/5
  1738 | D:4      | Reached skill level 5 in Fighting
  2037 | D:4      | Found a bloodstained altar of Trog.
  2047 | D:4      | Became a worshipper of Trog the Wrathful
  2591 | D:4      | Reached skill level 6 in Fighting
  2591 | D:4      | Reached XP level 6. HP: 34/62 MP: 6/6
  2759 | D:3      | Reached skill level 1 in Polearms
  3170 | D:3      | Reached skill level 2 in Polearms
  3215 | D:3      | Reached * piety under Trog
  3347 | D:3      | Noticed Grinder
  3364 | D:3      | Paralysed by Grinder for 4 turns
  3376 | D:3      | Killed Grinder
  3376 | D:3      | Reached skill level 4 in Polearms
  3376 | D:3      | Reached XP level 7. HP: 2/69 MP: 7/7
  4267 | D:4      | Reached skill level 5 in Polearms
  4319 | D:4      | Found a shattered altar of Ashenzari.
  4505 | D:4      | Reached skill level 6 in Polearms
  4505 | D:4      | Reached XP level 8. HP: 64/76 MP: 8/8
  4732 | D:5      | Entered Level 5 of the Dungeon
  4797 | D:5      | Found a staircase to the Ecumenical Temple.
  4864 | D:5      | Reached skill level 7 in Polearms
  4960 | D:5      | Reached ** piety under Trog
  5212 | D:5      | Reached skill level 8 in Polearms
  5444 | D:5      | Reached skill level 9 in Polearms
  5659 | D:5      | Reached XP level 9. HP: 55/82 MP: 9/9
  5921 | D:5      | Found a shadowy altar of Dithmenos.
  5921 | D:5      | Found a basalt altar of Yredelemnul.
  6066 | D:5      | Found a glowing silver altar of Zin.
  6414 | D:6      | Reached skill level 10 in Polearms
  6432 | D:6      | Reached skill level 1 in Dodging
  6443 | D:6      | Reached *** piety under Trog
  7015 | D:6      | Reached skill level 2 in Dodging
  7858 | D:7      | Reached skill level 3 in Dodging
  8092 | D:8      | Noticed Erolcha
  8157 | D:8      | Killed Erolcha
  8157 | D:8      | Reached skill level 11 in Polearms
  8157 | D:8      | Reached skill level 4 in Dodging
  8157 | D:8      | Reached XP level 10. HP: 78/91 MP: 10/10
  8457 | D:8      | Found a snail-covered altar of Cheibriados.
  8633 | D:8      | Reached **** piety under Trog
  8633 | D:8      | Reached skill level 5 in Dodging
  9309 | D:9      | Noticed an unseen horror
  9324 | D:9      | Killed an unseen horror
  9324 | D:9      | Reached skill level 7 in Fighting
  9324 | D:9      | Reached skill level 12 in Polearms
  9371 | D:9      | Found a staircase to the Lair.
  9523 | D:9      | Found an ancient bone altar of Kikubaaqudgha.
  9991 | D:10     | Entered Level 10 of the Dungeon
 10007 | D:10     | Noticed Erica
 10015 | D:10     | Killed Erica
 10015 | D:10     | Reached skill level 13 in Polearms
 10015 | D:10     | Reached XP level 11. HP: 100/100 MP: 11/11
 10147 | D:10     | Noticed Maud
 10161 | D:10     | Killed Maud
 10330 | D:10     | Noticed Fannar
 10341 | D:10     | Killed Fannar
 10341 | D:10     | Reached skill level 14 in Polearms
 10581 | D:10     | Reached ***** piety under Trog
 10763 | D:10     | Found a staircase to the Orcish Mines.
 11141 | D:9      | Reached skill level 15 in Polearms
 11361 | D:9      | Noticed a queen ant
 11401 | D:9      | Killed a queen ant
 11412 | D:9      | Reached skill level 8 in Fighting
 11426 | D:9      | Reached XP level 12. HP: 41/110 MP: 12/12
 11796 | D:9      | Reached skill level 6 in Dodging
 12216 | Lair:1   | Entered Level 1 of the Lair of Beasts
 12316 | Lair:1   | Noticed a five-headed hydra
 12330 | Lair:1   | Killed a five-headed hydra
 12478 | Lair:1   | Reached skill level 9 in Fighting
 12611 | Lair:1   | Reached skill level 7 in Dodging
 12671 | Lair:1   | Noticed Urug
 12778 | Lair:1   | Received a gift from Trog
 13793 | Lair:2   | Noticed an eight-headed hydra
 13809 | Lair:2   | Killed an eight-headed hydra
 13826 | Lair:2   | Received a gift from Trog
 13832 | Lair:2   | Reached skill level 10 in Fighting
 14825 | Lair:2   | Reached skill level 8 in Dodging
 15066 | Lair:3   | Found a labyrinth entrance.
 15074 | Lab      | Entered a labyrinth
 15461 | Lab      | Noticed a minotaur
 15471 | Lab      | Killed a minotaur
 15471 | Lab      | Gained mutation: You can use your snake-like lower body to constrict enemies. [Naga growth]
 15471 | Lab      | Reached XP level 13. HP: 126/126 MP: 13/13
 15499 | Lab      | Got a dazzling fire dragon armour
 15515 | Lab      | Identified the cursed +1 fire dragon armour of the Moneychanger {rPois rF++ rC-} (You found it in a labyrinth)
 15616 | Lair:3   | Reached skill level 1 in Evocations
 15675 | Lair:3   | Reached skill level 2 in Evocations
 15853 | Lair:3   | Reached skill level 3 in Evocations
 15865 | Lair:3   | Reached skill level 4 in Evocations
 16147 | Lair:3   | Reached skill level 5 in Evocations
 16620 | Lair:4   | Reached skill level 6 in Evocations
 17022 | Lair:4   | Reached skill level 7 in Evocations
 17104 | Lair:4   | Received a gift from Trog
 17106 | Lair:4   | Reached skill level 1 in Armour
 17122 | Lair:4   | Got a steaming glaive {god gift}
 17123 | Lair:4   | Identified the +8 glaive "Loziug" {chop, *Contam rPois rC++ SInv} (Trog gifted it to you on level 4 of the Lair of Beasts)
 17596 | Lair:5   | Reached skill level 2 in Armour
 17783 | Lair:5   | Got a heavily runed copper ring
 17785 | Lair:5   | Identified the ring of Ontizues {Dex+5 SInv} (You found it on level 5 of the Lair of Beasts)
 17790 | Lair:5   | Found a shattered altar of Ashenzari.
 17966 | Lair:5   | Found a staircase to the Shoals.
 18240 | Lair:5   | Reached skill level 3 in Armour
 18263 | Lair:5   | Mangled by a death yak

Vault maps used:
D:1:      lordsloth_arrival_two_stooges, hangedman_decor_clover_reticule,
          minmay_rat_gold_closets
D:2:      nicolae_overflow_crystal_walls
D:3:      first_bread, minmay_distorted, uniq_grinder
D:4:      ashenzari_altar_1, bloody_trog
D:5:      minitemple
D:6:      lemuel_ratsnest, kennysheep_minor_cross
D:7:      statuecave_lemuel
D:8:      slow_altar_1, uniq_erolcha
D:9:      kiku_gazebo_garden_becter, due_lair_maze_entry_diamond,
          grunt_ogre_cave, spider_trap, minivault_29
D:10:     orc_0_dummy, spider_trap, uniq_fannar, uniq_erica, uniq_maud
Lair:1:   uniq_urug
Lair:2:   minmay_lair_venomous_thicket, serial_bayou_shore_b
Lair:3:   lab_entry_generic
Lair:5:   minmay_shoals_entry_hut, nicolae_spider_entry_orb_guardian,
          basic_altar, kilobyte_rumbling_trees, infiniplex_staircase_pool
Lab:      labyrinth_green, labyrinth_skeletal_remains, nicolae_lab_grate,
          nicolae_lab_quarters, nicolae_lab_hexagon, nicolae_lab_very_dead_end,
          nicolae_lab_garden, nicolae_lab_swirl, nicolae_lab_plus,
          nicolae_lab_starburst

Vanquished Creatures
  Maud
  A minotaur Fannar Erolcha
  2 hydras Erica
  2 catoblepae
  5 death yaks
  A queen ant
  An unseen horror
  7 spiny frogs
  A torpor snail
  3 black mambas
  2 fire drakes
  A spriggan druid
  7 komodo dragons
  A troll
  A two-headed ogre
  5 blink frogs
  2 polar bears Grinder
  A snapping turtle
  A deep elf mage
  A wraith
  12 yaks
  2 shadows
  2 basilisks
  4 hungry ghosts
  6 wolves
  2 hippogriffs
  20 soldier ants
  3 black bears
  9 porcupines
  3 sky beasts
  2 orc warriors
  13 water moccasins
  8 spiders
  3 ice beasts
  5 crocodiles
  An eye of draining
  6 ogres
  2 centaurs
  2 gnoll sergeants
  A brain worm
  13 giant frogs
  2 scorpions
  12 killer bees
  A troll skeleton
  A spriggan skeleton
  An electric eel
  2 giant frog zombies
  A gnoll shaman
  6 hounds
  An iron imp
  8 wights
  4 centaur skeletons
  6 orc priests
  5 crimson imps
  A jelly
  A wasp zombie
  6 iguanas
  15 orc wizards
  3 giant frog skeletons
  23 worker ants
  A hell rat
  11 sheep
  An ogre skeleton
  3 worker ant zombies
  18 adders
  14 gnolls
  32 river rats
  4 shadow imps
  2 oozes
  2 adder zombies
  A worm
  5 giant geckos
  52 orcs
  2 ball pythons
  6 hobgoblins
  5 jackals
  8 kobolds
  8 quokkas
  10 bats
  8 giant cockroaches
  8 giant newts
  6 goblins
  A quokka zombie
  36 rats
  20 fungi
  6 plants
538 creatures vanquished.
